 Dungeon Crawl Stone Soup version 0.20.1-2-g1830e616b0 (webtiles) character file.

3936 Alfie the Archer (level 10, -7/88 HPs)
             Began as a Minotaur Hunter on Feb 10, 2020.
             Mangled by a yak (18 damage)
             ... on level 8 of the Dungeon.
             The game lasted 00:27:28 (5645 turns).

Alfie the Archer (Minotaur Hunter)                  Turns: 5645, Time: 00:27:29

Health: -7/88      AC:  7    Str: 20    XL:     10   Next: 1%
Magic:  9/9        EV: 14    Int:  8    God:
Gold:   181        SH:  0    Dex: 11    Spells: 8/9 levels left

rFire    . . .     SeeInvis .   b - +0 short sword
rCold    . . .     Gourm    .   (no shield)
rNeg     . . .     Faith    .   c - +1 leather armour
rPois    .         Spirit   .   (helmet restricted)
rElec    .         Reflect  .   B - +0 cloak
rCorr    .         Harm     +   (no gloves)
MR       .....                  k - +0 pair of boots
Stlth    +.........             h - amulet of harm
Regen    0.3/turn               (no ring)
MPRegen  0.2/turn               (no ring)

@: no status effects
A: retaliatory headbutt, horns 2
a: no special abilities


You were on level 8 of the Dungeon.
You were not hungry.

You visited 1 branch of the dungeon, and saw 8 of its levels.

You collected 469 gold pieces.
You spent 288 gold pieces at shops.

Inventory:

Hand Weapons
 a - a +1 shortbow
 b - a +0 short sword (weapon)
Missiles
 d - 48 arrows
 E - 9 tomahawks (quivered)
Armour
 c - a +1 leather armour (worn)
 k - a +0 pair of boots (worn)
 B - a +0 cloak (worn)
Jewellery
 h - an amulet of harm (around neck)
 m - an uncursed ring of magical power
 s - a +3 ring of intelligence
 D - an uncursed ring of magical power
Wands
 v - a wand of scattershot (4/9)
 y - a wand of acid (11/15)
 C - a wand of acid (2/15)
 G - a wand of flame (31/48)
Scrolls
 g - 2 scrolls of teleportation
 o - 2 scrolls of blinking
 t - 3 scrolls of magic mapping
 u - 5 scrolls of identify
 x - 2 scrolls of recharging
Potions
 e - a potion of flight {unknown}
 i - 2 potions of mutation {unknown}
 l - 2 potions of agility {unknown}
 n - 3 potions of curing
 p - a potion of resistance
 q - a potion of might {unknown}
 z - a potion of berserk rage {unknown}
 A - a potion of ambrosia {unknown}
Books
 w - a book of Cantrips

   Spells                             Type                      Level
   a - Confusing Touch                Hexes                        1
   b - Animate Skeleton               Necromancy                   1
   c - Summon Small Mammal            Summoning                    1
   d - Apportation                    Translocation                1
Comestibles
 f - 3 bread rations
 j - 6 meat rations
 r - 6 royal jellies
 F - a fruit


   Skills:
 + Level 8.0 Fighting
 + Level 4.7 Short Blades
 + Level 12.0 Bows
 + Level 4.6 Armour
 + Level 5.0 Dodging
 + Level 1.4 Stealth


You had 8 spell levels left.
You knew the following spells:

 Your Spells              Type           Power        Failure   Level  Hunger
a - Summon Small Mammal   Summ           #...         45%         1    ##.....


Dungeon Overview and Level Annotations

Branches:
Dungeon (8/15)             Temple (0/1) D:4
   Lair: D:8-11

Altars:
Elyvilon
Okawaru
Sif Muna

Shops:
D:5 *}??:   D:6 *


Innate Abilities, Weirdness & Mutations

You reflexively headbutt those who attack you in melee.
You have a pair of horns on your head.


Message History

The yak is heavily wounded.
The yak barely misses you.
You closely miss the yak.
The yak is heavily wounded.
You hit the yak but do no damage.
The yak is heavily wounded.
The yak barely misses you.
You feel better. The yak gores you.
* * * LOW HITPOINT WARNING * * *
You hit the yak. You headbutt the yak, but do no damage.
The yak is severely wounded.
The yak gores you.
* * * LOW HITPOINT WARNING * * *
You hit the yak.
The yak is severely wounded.
The yak gores you but does no damage.
You hit the yak but do no damage. You headbutt the yak.
The yak is almost dead.
The yak gores you!
You die...

#.#....#........#.#.#.#.#....###
.#.#.#...........#...).#.####.#..
...............#.###.............
.#)#†#.##....#.#...).#.#.####.#.[
#.#..............####.#.# #.###
..#....).##.#.#..## #.#.# #....
####)#.#.......#...# #.#.# #####
.).<.#.#.......#Y#.###.#.#
###.##.#.......#@#..##.#.#
.....#.#.....#.#.##.##.#.#
..#..#.#####.#.#.##.Y#
...≈.......#.#.#.###.#
####...###.#.#.#.# #(Y.#
#..........#.#.#.# ##..#
#.##.#.#.#.#.#.#.# ((# #
#..#.#.#.#...#.# (.# # #.##.#
#######.# (.#


You could see a yak.

Vanquished Creatures
  Pikel (D:6)
  The ghost of Alfie the Shooter, an amateur MiHu (D:4)
  Sigmund (D:4)
  3 yaks (D:8)
  Menkaure (D:7)
  Edmund (D:6)
  An ice beast (D:6)
  2 sky beasts
  A slave (D:6)
  A necrophage (D:7)
  3 ogres
  4 centaurs
  4 bullfrogs
  3 scorpions
  A howler monkey (D:4)
  3 crimson imps
  A centaur zombie (D:7)
  3 hounds
  2 bullfrog skeletons
  5 orc priests
  3 jellies
  5 orc wizards
  4 worker ants
  A hound zombie (D:5)
  2 hound skeletons (D:6)
  3 worker ant zombies
  4 gnolls (D:3)
  A howler monkey skeleton (D:6)
  12 adders
  A shadow imp (D:7)
  3 oozes
  3 worms
  4 dart slugs
  4 leopard geckos
  29 orcs
  4 ball pythons
  5 bats
  5 giant cockroaches
  5 goblins
  A hobgoblin (D:1)
  4 jackals (D:2)
  7 kobolds
  5 quokkas
  6 frilled lizards
  9 rats
172 creatures vanquished.

Notes
Turn   | Place    | Note
-------+----------+-------------------------------------------
     0 | D:1      | Alfie the Minotaur Hunter began the quest for the Orb.
     0 | D:1      | Reached XP level 1. HP: 18/18 MP: 0/0
   157 | D:1      | Reached XP level 2. HP: 25/25 MP: 1/1
   234 | D:1      | Reached skill level 5 in Bows
   304 | D:1      | HP: 1/25 [rat (1)]
   723 | D:2      | Reached XP level 3. HP: 30/30 MP: 2/2
   886 | D:2      | Reached skill level 1 in Armour
   962 | D:2      | Reached skill level 1 in Short Blades
   964 | D:2      | Reached XP level 4. HP: 28/37 MP: 3/3
  1273 | D:2      | Found an iron altar of Okawaru.
  1578 | D:3      | Reached skill level 6 in Bows
  1578 | D:3      | Reached XP level 5. HP: 16/42 MP: 4/4
  1691 | D:2      | Reached skill level 1 in Stealth
  1927 | D:4      | Reached XP level 6. HP: 50/51 MP: 5/5
  2197 | D:4      | Noticed Alfie's ghost (amateur MiHu)
  2208 | D:4      | Killed Alfie's ghost
  2223 | D:4      | Found a staircase to the Ecumenical Temple.
  2363 | D:4      | Noticed Sigmund
  2367 | D:4      | Killed Sigmund
  2367 | D:4      | Reached skill level 7 in Bows
  2367 | D:4      | Reached XP level 7. HP: 58/58 MP: 6/6
  2658 | D:4      | Found a deep blue altar of Sif Muna.
  2734 | D:5      | Entered Level 5 of the Dungeon
  2759 | D:5      | Found Utti's Gadget Boutique.
  2908 | D:5      | Found Mirreise's Book Shoppe.
  2920 | D:5      | Learned a level 1 spell: Summon Small Mammal
  2950 | D:5      | Found a white marble altar of Elyvilon.
  2963 | D:5      | Reached skill level 8 in Bows
  2963 | D:5      | Reached XP level 8. HP: 12/67 MP: 7/7
  3057 | D:5      | Found Urul's Magic Scroll Shop.
  3074 | D:5      | Reached skill level 5 in Fighting
  3078 | D:5      | Bought a scroll of identify for 20 gold pieces
  3078 | D:5      | Bought a scroll of recharging for 95 gold pieces
  3078 | D:5      | Bought a scroll of identify for 20 gold pieces
  3078 | D:5      | Bought 2 scrolls of identify for 40 gold pieces
  3116 | D:5      | Found Avaocleq's Magic Scroll Shoppe.
  3126 | D:5      | Bought a scroll of identify for 24 gold pieces
  3126 | D:5      | Bought a scroll of identify for 24 gold pieces
  3272 | D:5      | Found Fiseniem's General Store.
  3598 | D:6      | Found Siclyfugh's General Store.
  3633 | D:6      | Bought a potion of heal wounds for 65 gold pieces
  3637 | D:6      | Noticed Edmund
  3648 | D:6      | Killed Edmund
  3648 | D:6      | Reached skill level 9 in Bows
  4125 | D:6      | Noticed Pikel
  4197 | D:6      | Killed Pikel
  4197 | D:6      | Reached skill level 10 in Bows
  4197 | D:6      | Reached XP level 9. HP: 40/75 MP: 8/8
  4651 | D:7      | Noticed Menkaure
  4661 | D:7      | Killed Menkaure
  4973 | D:7      | Reached skill level 11 in Bows
  5357 | D:8      | Reached skill level 5 in Dodging
  5625 | D:8      | Reached skill level 12 in Bows
  5634 | D:8      | Reached XP level 10. HP: 20/88 MP: 9/9
  5645 | D:8      | Mangled by a yak

Skill      XL: |  1  2  3  4  5  6  7  8  9 |
---------------+----------------------------+-----
Bows           | 5 6 7 8 10 12 | 12.0
Armour         | 1 2 3 4 |  4.6
Short Blades   | 1 2 3 4 |  4.7
Stealth        | 1 |  1.4
Fighting       | 3 4 6 8 |  8.0
Dodging        | 3 4 5 |  5.0

Action                   |  1- 3 |  4- 6 |  7- 9 | 10-12 || total
-------------------------+-------+-------+-------+-------++-------
Melee: Short sword       |    41 |   101 |    58 |     9 ||   209
       Headbutt          |     3 |    18 |    14 |     4 ||    39
 Fire: Shortbow          |    56 |    53 |   334 |       ||   443
  Use: Scroll            |     3 |     8 |     8 |       ||    19
       Potion            |     2 |     3 |     9 |     1 ||    15
  Eat: Royal jelly       |       |     1 |       |       ||     1
       Bread ration      |       |     1 |     2 |       ||     3
       Fruit             |       |       |     2 |       ||     2
Armor: Leather armour    |    15 |    39 |    31 |     2 ||    87
Dodge: Dodged            |    40 |    86 |    95 |     4 ||   225
